General information
			
			
        
        - name: BNet
 
        - type: Ladder team game (AT/RT)
 
        - host: Battle.net
 
        - saver: BrokeAssNegro
 
        
map: Mur'gulOasis 
        - players: 8
 
        - length: 13:39
 
        - speed: Fast
 - version: 1.22 W3XP
 - replay type:  Public
 
» download(140 KB)
Players
        team 1 (loser) 
              
              
ATOUCHOFHERLIPS (
teal | 66 APM | 906 actions | 13:37)
              
 3 Death Knight 
 2 Death Coil
 1 Unholy Aura
 
                » actions 
                
                | Assign group hotkey | 36 |  | 
| Basic commands | 16 |  | 
| Build / train | 15 |  | 
| ESC pressed | 2 |  | 
| Enter build submenu | 9 |  | 
| Enter hero's abilities submenu | 4 |  | 
| Right click | 271 |  | 
| Select / deselect | 214 |  | 
| Select group hotkey | 310 |  | 
| Use ability | 29 |  | 
                906 total
 » units 
                
                | Acolyte | 2 |  | 
| Ghoul | 1 |  | 
| Crypt Fiend | 6 |  | 
                9 total
 » buildings
                
                | Crypt | 1 |  | 
| Graveyard | 1 |  | 
| Altar of Darkness | 1 |  | 
| Ziggurat | 3 |  | 
| Tomb of Relics | 1 |  | 
| Halls of the Dead | 1 |  | 
                8 total
 » build order
                00:08 Crypt
00:19 Graveyard
00:42 Altar of Darkness
00:59 Ziggurat
01:26 Tomb of Relics
02:23 Ziggurat
03:46 Halls of the Dead
04:35 Ziggurat
» items
                 
               
              
              
b1gd1cksuck3r (
pink | 92 APM | 1242 actions | 13:28)
              
 3 Blademaster 
 1 Wind Walk
 2 Critical Strike
 2 Shadow Hunter 
 1 Hex
 1 Healing Wave
 
                » actions 
                
                | Assign group hotkey | 13 |  | 
| Basic commands | 57 |  | 
| Build / train | 40 |  | 
| ESC pressed | 1 |  | 
| Enter build submenu | 18 |  | 
| Enter hero's abilities submenu | 5 |  | 
| Right click | 585 |  | 
| Select / deselect | 291 |  | 
| Select group hotkey | 166 |  | 
| Use ability | 66 |  | 
                1242 total
 » units 
                » upgrades
                
                | Ranged Weapons | 1 |  | 
| Envenomed Spears | 1 |  | 
| Armor | 1 |  | 
                3 total
 » buildings
                
                | Altar of Storms | 1 |  | 
| Orc Burrow | 5 |  | 
| War Mill | 1 |  | 
| Watch Tower | 8 |  | 
| Voodoo Lounge | 1 |  | 
| Stronghold | 1 |  | 
| Beastiary | 2 |  | 
| Fortress | 1 |  | 
                20 total
 » build order
                00:07 Altar of Storms
00:10 Orc Burrow
00:29 War Mill
01:44 Watch Tower
02:05 Watch Tower
02:21 Voodoo Lounge
02:49 Watch Tower
03:38 Stronghold
03:47 Watch Tower
04:16 Watch Tower
05:01 Orc Burrow
05:27 Watch Tower
05:30 Watch Tower
05:35 Orc Burrow
05:49 Watch Tower
06:08 Beastiary
06:12 Beastiary
06:52 Orc Burrow
08:18 Fortress
09:25 Orc Burrow
» items
                
                | Lesser Clarity Potion | 3 |  | 
| Healing Salve | 2 |  | 
| Scroll of Town Portal | 2 |  | 
| Potion of Healing | 2 |  | 
| Potion of Mana | 1 |  | 
| Orb of Lightning | 1 |  | 
                11 total
  
               
              
              
» 
Iceberg-Slim (
blue | 75 APM | 913 actions | 12:14)
              
 2 Mountain King 
 1 Storm Bolt
 1 Bash
 
                » actions 
                
                | Assign group hotkey | 9 |  | 
| Basic commands | 65 |  | 
| Build / train | 34 |  | 
| ESC pressed | 4 |  | 
| Enter build submenu | 18 |  | 
| Enter hero's abilities submenu | 2 |  | 
| Right click | 425 |  | 
| Select / deselect | 186 |  | 
| Select group hotkey | 127 |  | 
| Use ability | 43 |  | 
                913 total
 » units 
                » upgrades
                » buildings
                
                | Altar of Kings | 1 |  | 
| Farm | 6 |  | 
| Barracks | 1 |  | 
| Lumber Mill | 1 |  | 
| Scout Tower | 3 |  | 
| Arcane Tower | 1 |  | 
| Keep | 1 |  | 
| Arcane Vault | 2 |  | 
| Guard Tower | 1 |  | 
| Blacksmith | 1 |  | 
| Arcane Sanctum | 1 |  | 
                19 total
 » build order
                00:06 Altar of Kings
00:20 Farm
00:37 Barracks
01:01 Farm
01:26 Lumber Mill
01:44 Scout Tower
02:10 Arcane Tower
02:25 Farm
03:35 Keep
03:49 Arcane Vault
05:25 Farm
05:41 Scout Tower
06:58 Guard Tower
07:03 Arcane Vault
07:16 Farm
07:28 Blacksmith
08:22 Farm
08:35 Arcane Sanctum
09:03 Scout Tower
» items
                
                | Scroll of Regeneration | 1 |  | 
| Mechanical Critter | 1 |  | 
| Potion of Healing | 2 |  | 
                4 total
  
               
              
              
» 
TIMG5STRok (
purple | 70 APM | 852 actions | 12:11)
              
 2 Death Knight 
 1 Death Coil
 1 Unholy Aura
 1 Lich 
 1 Frost Nova
 
                » actions 
                
                | Assign group hotkey | 10 |  | 
| Basic commands | 29 |  | 
| Build / train | 25 |  | 
| Enter build submenu | 11 |  | 
| Enter hero's abilities submenu | 3 |  | 
| Right click | 427 |  | 
| Select / deselect | 111 |  | 
| Select group hotkey | 213 |  | 
| Use ability | 23 |  | 
                852 total
 » units 
                
                | Acolyte | 3 |  | 
| Ghoul | 3 |  | 
| Crypt Fiend | 6 |  | 
                12 total
 » upgrades
                » buildings
                
                | Graveyard | 1 |  | 
| Crypt | 1 |  | 
| Ziggurat | 3 |  | 
| Altar of Darkness | 1 |  | 
| Nerubian Tower | 1 |  | 
| Tomb of Relics | 1 |  | 
| Halls of the Dead | 2 |  | 
| Spirit Tower | 2 |  | 
| Black Citadel | 1 |  | 
| Sacrificial Pit | 1 |  | 
| Boneyard | 1 |  | 
                15 total
 » build order
                01:36 Graveyard
01:38 Crypt
02:11 Ziggurat
02:26 Altar of Darkness
03:05 Nerubian Tower
03:42 Tomb of Relics
04:19 Ziggurat
05:41 Halls of the Dead
05:41 Halls of the Dead
07:03 Ziggurat
07:04 Spirit Tower
08:08 Black Citadel
09:51 Sacrificial Pit
10:02 Spirit Tower
10:41 Boneyard
» items
                 
               team 2 (winner) 
              
              
beli (
red | 133 APM | 1821 actions | 13:38)
              
 4 Tauren Chieftain 
 2 Endurance Aura
 2 War Stomp
 
                » actions 
                
                | Assign group hotkey | 39 |  | 
| Basic commands | 54 |  | 
| Build / train | 58 |  | 
| ESC pressed | 2 |  | 
| Enter build submenu | 8 |  | 
| Enter hero's abilities submenu | 4 |  | 
| Right click | 474 |  | 
| Select / deselect | 303 |  | 
| Select group hotkey | 817 |  | 
| Use ability | 62 |  | 
                1821 total
 » units 
                
                | Peon | 6 |  | 
| Troll Headhunter/Berserker | 13 |  | 
                19 total
 » upgrades
                
                | Ranged Weapons | 3 |  | 
| Armor | 3 |  | 
| Troll Regeneration | 1 |  | 
| Reinforced Defenses | 1 |  | 
| Berserker Upgrade | 1 |  | 
                9 total
 » buildings
                
                | Altar of Storms | 1 |  | 
| Orc Burrow | 3 |  | 
| War Mill | 1 |  | 
| Barracks | 2 |  | 
| Voodoo Lounge | 2 |  | 
| Stronghold | 3 |  | 
| Fortress | 4 |  | 
                16 total
 » build order
                00:14 Altar of Storms
00:24 Orc Burrow
00:51 War Mill
01:36 Barracks
01:36 Barracks
01:53 Orc Burrow
03:32 Orc Burrow
03:59 Voodoo Lounge
05:06 Stronghold
05:06 Stronghold
08:14 Voodoo Lounge
08:46 Fortress
08:46 Fortress
08:46 Fortress
» items
                
                | Healing Salve | 3 |  | 
| Lesser Clarity Potion | 1 |  | 
| Scroll of Speed | 1 |  | 
| Potion of Healing | 4 |  | 
                9 total
  
               
              
              
» 
BrokeAssNegro (
green | 213 APM | 2914 actions | 13:39)
              
 5 Tauren Chieftain 
 2 Endurance Aura
 3 War Stomp
 
                » actions 
                
                | Assign group hotkey | 329 |  | 
| Basic commands | 7 |  | 
| Build / train | 62 |  | 
| ESC pressed | 8 |  | 
| Enter build submenu | 15 |  | 
| Enter hero's abilities submenu | 5 |  | 
| Right click | 1417 |  | 
| Select / deselect | 132 |  | 
| Select group hotkey | 894 |  | 
| Use ability | 45 |  | 
                2914 total
 » units 
                
                | Peon | 8 |  | 
| Troll Headhunter/Berserker | 13 |  | 
| Tauren | 3 |  | 
| Shaman | 6 |  | 
                30 total
 » upgrades
                
                | Troll Regeneration | 1 |  | 
| Berserker Upgrade | 1 |  | 
| Ranged Weapons | 1 |  | 
| Armor | 1 |  | 
| Pulverize | 1 |  | 
| Shaman Training | 1 |  | 
                6 total
 » buildings
                
                | Altar of Storms | 1 |  | 
| Orc Burrow | 7 |  | 
| War Mill | 1 |  | 
| Barracks | 2 |  | 
| Voodoo Lounge | 2 |  | 
| Stronghold | 3 |  | 
| Fortress | 3 |  | 
| Spirit Lodge | 1 |  | 
| Tauren Totem | 1 |  | 
                21 total
 » build order
                00:08 Altar of Storms
00:22 Orc Burrow
00:36 War Mill
01:27 Barracks
01:38 Barracks
01:55 Orc Burrow
02:23 Voodoo Lounge
02:41 Voodoo Lounge
03:31 Orc Burrow
04:37 Stronghold
04:37 Stronghold
04:37 Stronghold
05:30 Orc Burrow
07:00 Fortress
07:00 Fortress
09:58 Orc Burrow
10:26 Orc Burrow
10:26 Orc Burrow
12:03 Spirit Lodge
12:04 Tauren Totem
» items
                
                | Healing Salve | 1 |  | 
| Lesser Clarity Potion | 1 |  | 
| Scroll of Town Portal | 2 |  | 
| Staff of Teleportation | 1 |  | 
| Scroll of Healing | 1 |  | 
| Boots of Speed | 1 |  | 
| Potion of Lesser Invulnerability | 1 |  | 
                8 total
  
               
              
              
» 
DASOCKBANDIT (
orange | 102 APM | 1392 actions | 13:38)
              
 3 Keeper of the Grove 
 2 Entangling Roots
 1 Thorns Aura
 
                » actions 
                
                | Assign group hotkey | 36 |  | 
| Build / train | 42 |  | 
| Enter build submenu | 11 |  | 
| Enter hero's abilities submenu | 3 |  | 
| Right click | 551 |  | 
| Select / deselect | 174 |  | 
| Select group hotkey | 552 |  | 
| Use ability | 23 |  | 
                1392 total
 » units 
                » upgrades
                
                | Strength of the Moon | 1 |  | 
| Moon Armor | 1 |  | 
                2 total
 » buildings
                
                | Altar of Elders | 1 |  | 
| Moon Well | 4 |  | 
| Hunter's Hall | 1 |  | 
| Ancient of War | 2 |  | 
| Ancient Protector | 2 |  | 
                10 total
 » build order
                00:05 Altar of Elders
00:23 Moon Well
01:50 Hunter's Hall
01:52 Ancient of War
02:16 Ancient of War
02:35 Moon Well
02:38 Moon Well
04:26 Moon Well
06:03 Ancient Protector
06:20 Ancient Protector
 
               
              
              
» 
TheNumber1-B (
yellow | 96 APM | 1314 actions | 13:38)
              
 4 Priestess of the Moon 
 2 Searing Arrows
 2 Trueshot Aura
 
                » actions 
                
                | Assign group hotkey | 67 |  | 
| Basic commands | 7 |  | 
| Build / train | 36 |  | 
| ESC pressed | 3 |  | 
| Enter build submenu | 17 |  | 
| Enter hero's abilities submenu | 4 |  | 
| Right click | 639 |  | 
| Select / deselect | 130 |  | 
| Select group hotkey | 364 |  | 
| Use ability | 47 |  | 
                1314 total
 » units 
                » upgrades
                
                | Strength of the Moon | 1 |  | 
| Moon Armor | 1 |  | 
                2 total
 » buildings
                
                | Altar of Elders | 1 |  | 
| Moon Well | 4 |  | 
| Hunter's Hall | 1 |  | 
| Ancient of War | 3 |  | 
| Tree of Ages | 1 |  | 
| Tree of Life | 4 |  | 
| Ancient of Lore | 1 |  | 
                15 total
 » build order
                00:06 Altar of Elders
00:18 Moon Well
01:09 Hunter's Hall
01:43 Ancient of War
02:11 Ancient of War
02:30 Ancient of War
02:39 Moon Well
02:43 Moon Well
05:41 Moon Well
08:41 Tree of Ages
09:19 Tree of Life
10:29 Tree of Life
11:43 Tree of Life
11:54 Ancient of Lore
12:39 Tree of Life
 
                Chat log
          (00:20 / Allies) beli: 2 TC HH 2 POTM HUNTS
(00:24 / Allies) TheNumber1-B: 1 kotg
(00:36 / All) DASOCKBANDIT: scout for ownage feed
(02:02 / All) BrokeAssNegro: LOL
(02:21 / All) DASOCKBANDIT: gonna try to proto like us ^_^
(02:30 / All) b1gd1cksuck3r: da ownage f33d
(03:36 / All) Iceberg-Slim: leave
(03:37 / All) TIMG5STRok: why you guys gotta do that
(03:45 / All) TheNumber1-B: LEAVE
(03:50 / All) TheNumber1-B: MANNER UP
(03:52 / All) TIMG5STRok: i was obviously afk and now you bad manner me
(03:54 / All) Iceberg-Slim: http://xbox360.ign.com/dor/objects/875936/left-4-dead/videos/Left4Dead_101408.10.html
(03:58 / All) DASOCKBANDIT: so pause the game
(04:01 / All) TheNumber1-B: "LEAVE"
(04:01 / All) Iceberg-Slim: ~*~Fight With Honor And Have Excellent Manner~*~
(04:03 / All) TheNumber1-B: IS MANNERED
(04:07 / All) ATOUCHOFHERLIPS: brb pizza
(04:09 / All) BrokeAssNegro: you didnt let us pause
(04:15 / All) TIMG5STRok: huh
(04:57 / All) TheNumber1-B: yo ice
(04:59 / All) TheNumber1-B: LEAVE
(05:04 / All) Iceberg-Slim: manner up please
(07:05 / All) DASOCKBANDIT: no ownage feed necessary leave
(07:12 / All) TheNumber1-B: LEAVE
(08:07 / All) DASOCKBANDIT: tp out iceberg
(08:10 / All) TheNumber1-B: lol
(08:11 / All) TheNumber1-B: lol
(08:13 / All) BrokeAssNegro: hows ya grandma
(08:25 / All) DASOCKBANDIT: game start yet?
(09:21 / All) ATOUCHOFHERLIPS: IM COMING!
(09:30 / All) TheNumber1-B: "leave"
(09:35 / All) Iceberg-Slim: manner up please
(09:52 / All) BrokeAssNegro: NOOB LOL
(10:00 / All) Iceberg-Slim: cancel ur tree
(10:02 / All) Iceberg-Slim: cancel
(10:04 / All) Iceberg-Slim: cancel
(10:04 / All) Iceberg-Slim: cancel
(10:06 / All) Iceberg-Slim: cancel
(10:14 / All) Iceberg-Slim: i guess owned but idk
(10:37 / All) Iceberg-Slim: straight up
(10:58 / All) DASOCKBANDIT: u guys should've treid the ownage feed
(11:03 / All) BrokeAssNegro: INDEED
(11:17 / All) TheNumber1-B: i like your boneyard
(11:20 / All) TIMG5STRok: mnaybe you should try manner....and not attack when im afk for 10 minutes....
(11:24 / All) BrokeAssNegro: lol
(11:28 / All) DASOCKBANDIT: maybe u should pause and say "afk ally"
(11:30 / All) BrokeAssNegro: says the man that wouldent pause for our
(11:32 / All) BrokeAssNegro: afk ally
(11:33 / All) DASOCKBANDIT: we aren't like ug uys we would let it remain paused
(11:33 / All) BrokeAssNegro: for 20 mins
(11:38 / All) TIMG5STRok: ??????????? i was afk
(11:42 / All) BrokeAssNegro: so was dave
(11:43 / All) TIMG5STRok: how could i unpause for you
(11:47 / All) TIMG5STRok: if im not here
(11:56 / All) TIMG5STRok: ?????????????????//
(12:01 / All) ATOUCHOFHERLIPS: got me a shade
(12:24 / All) DASOCKBANDIT: you can find this on highper.ch
(12:31 / All) ATOUCHOFHERLIPS: geee
(13:14 / All) ATOUCHOFHERLIPS: har har 
(13:18 / All) BrokeAssNegro: hacker
(13:23 / All) ATOUCHOFHERLIPS: i like green vs pink
(13:29 / All) BrokeAssNegro: he hacks
(13:35 / All) ATOUCHOFHERLIPS: he does
(13:36 / All) ATOUCHOFHERLIPS: ^^
(13:37 / All) BrokeAssNegro: xd